 Dungeon Crawl Stone Soup version 0.30.0 (webtiles) character file.

Game seed: 10576841779690024324

491 Ayyar the Grasshopper (level 7, -3/56 HPs)
             Began as a Gnoll Warper on Aug 3, 2023.
             Killed by divine providence
             ... invoked by an orc priest
              (9 damage)
             ... on level 4 of the Dungeon.
             The game lasted 00:10:45 (3592 turns).

Ayyar the Grasshopper (Gnoll Warper)                Turns: 3592, Time: 00:10:45

Health: -3/56      AC: 14    Str: 12    XL:     7   Next: 14%
Magic:  15/15      EV:  6    Int: 13    God:
Gold:   235        SH:  9    Dex: 17    Spells: 14/17 levels left

rFire   . . .        a - +0 falchion
rCold   . . .        l - +0 kite shield
rNeg    . . .        e - +0 chain mail
rPois   .            (no helmet)
rElec   .            z - +0 cloak {Will+}
rCorr   .            (no gloves)
SInv    .            (no boots)
Will    +....        (no amulet) Stlth
                     i - +4 ring of protection
HPRegen 0.29/turn    j - +6 ring of dexterity
MPRegen 0.14/turn

%: no passive effects
@: mighty, about to teleport
A: fangs 1, strong nose, distributed training
a: no special abilities


You were on level 4 of the Dungeon.
You visited 1 branch of the dungeon, and saw 4 of its levels.

You collected 235 gold pieces.

Inventory:

Hand Weapons
 a - a +0 falchion (weapon)
 n - a +0 trident
 o - a +3 whip
 A - a +4 quarterstaff of chaos
Missiles
 d - 7 boomerangs of dispersal (quivered)
 h - 3 curare-tipped darts
 t - 6 poisoned darts
Armour
 e - a +0 chain mail (worn)
 l - a +0 kite shield (worn)
 z - a +0 cloak of willpower (worn)
Jewellery
 i - a +4 ring of protection (left hand)
 j - a +6 ring of dexterity (right hand)
 r - a ring of see invisible
Wands
 y - a wand of polymorph (4)
Scrolls
 b - a scroll of summoning {unknown}
 c - a scroll of blinking
 f - 4 scrolls of identify
 g - 3 scrolls of teleportation
 k - a scroll of enchant weapon {unknown}
 q - a scroll of fog {unknown}
 s - a scroll of brand weapon {unknown}
Potions
 m - a potion of degeneration {unknown}
 p - a potion of might
 u - a potion of mutation {unknown}
 v - a potion of cancellation {unknown}
 w - a potion of flight {unknown}
 x - a potion of magic {unknown}


   Skills:
 + Level 5.2 Fighting
 + Level 2.4 Short Blades
 + Level 5.2 Long Blades
 + Level 2.4 Axes
 + Level 2.4 Maces & Flails
 + Level 2.4 Polearms
 + Level 2.4 Staves
 + Level 2.4 Ranged Weapons
 + Level 3.5 Throwing
 + Level 3.5 Armour
 + Level 5.2 Dodging
 + Level 2.4 Stealth
 + Level 2.4 Shields
 + Level 2.4 Unarmed Combat
 + Level 5.6 Spellcasting
 + Level 2.0 Conjurations
 + Level 2.0 Hexes
 + Level 2.0 Summonings
 + Level 2.0 Necromancy
 + Level 5.8 Translocations
 + Level 2.0 Transmutations
 + Level 2.0 Fire Magic
 + Level 2.0 Ice Magic
 + Level 2.0 Air Magic
 + Level 2.0 Earth Magic
 + Level 2.0 Poison Magic
 + Level 2.6 Invocations
 + Level 2.4 Evocations


You had 14 spell levels left.
You knew the following spells:

 Your Spells              Type           Power      Damage    Failure   Level
a - Teleport Other        Tloc           18%        N/A       99%         3

Your spell library contained the following spells:

 Spells                   Type           Power      Damage    Failure   Level
 Blink                    Tloc           36%        N/A       92%         2
 Lesser Beckoning         Tloc           36%        N/A       92%         2
 Kiss of Death            Conj/Necr      32%        2d7       100%        1
 Call Canine Familiar     Summ           8%         N/A       100%        3
 Confusing Touch          Hex            8%         N/A       100%        3
 Portal Projectile        Hex/Tloc       26%        N/A       100%        3
 Vhi's Electric Charge    Tloc/Air       26%        N/A       100%        3
 Dispel Undead            Necr           8%         3d8       100%        4
 Leda's Liquefaction      Hex/Erth       4%         N/A       100%        4
 Manifold Assault         Tloc           18%        N/A       100%        4


Dungeon Overview and Level Annotations

Branches:
Dungeon (4/15)
 Temple: D:4-7

Altars:


Innate Abilities, Weirdness & Mutations

You have very sharp teeth.
Your uncanny sense of smell can sniff out nearby items.
Your experience applies equally to all skills.


Message History

Found 12 gold pieces.
Found a stone staircase leading up and a stone staircase leading down.
There is a stone staircase leading up here.
You climb upwards.
There is a stone staircase leading down here.
You climb downwards.
There is a stone staircase leading up here.
You now have 235 gold pieces (gained 12).
Found a stone.
An orc priest comes into view. It is wielding a +0 war axe.
The orc priest shouts!
You hear a shout! x3
An orc and 2 orc priests come into view.
The orc shouts!
The orc priest shouts! x2
The orc priest calls down the wrath of Beogh upon you.
Beogh smites you!
The orc priest miscasts a cantrip.
You hit the orc priest but do no damage.
Your bite misses the orc priest.
The orc priest looks braver for a moment. x2
You hit the orc priest but do no damage.
You barely miss the orc priest. You block the orc priest's attack.
You barely miss the orc priest. The orc barely misses you.
The orc priest hits you with a +0 war axe.
The orc priest mumbles some strange prayers to Beogh against you.
Beogh smites you!
You closely miss the orc priest. The orc hits you with a +0 mace.
The orc priest invokes the aid of Beogh against you.
Beogh smites you!
* * * LOW HITPOINT WARNING * * *
The orc priest mumbles some strange prayers to Beogh against you.
Beogh smites you!
* * * LOW HITPOINT WARNING * * *
The orc priest looks encouraged for a moment.
It was a potion of might.
You feel very mighty all of a sudden.
As you read the scroll of teleportation, it crumbles to dust.
You feel strangely unstable.
The orc priest invokes the aid of Beogh against you.
Beogh smites you!
You die...

....... ....... .......
....... ....... ∆
....... #######o......
# #....@oo......
..#.######.#####o......
...........# #...###
..###...#########.#.#
.................∆# #
########..######..#
#...........#
#.#....#...# #.#<..<# .


You could see 3 orc priests and an orc.

Vanquished Creatures
  An ice beast (D:2)
  2 water moccasin skeletons (D:3)
  A centaur zombie (D:3)
  Crazy Yiuf (D:3)
  Jessica (D:3)
  Natasha (thrice) (D:3)
  2 adders (D:2)
  8 gnolls
  A worm (D:2)
  The ghost of rundlesten the Firebug, a weakling HuCA of Ignis (D:3)
  A dart slug (D:2)
  An orc (D:3)
  3 ball pythons
  4 bats
  5 endoplasms
  2 giant cockroaches
  4 goblins (D:1)
  3 hobgoblins (D:1)
  3 quokkas
  A frilled lizard (D:1)
  A kobold (D:1)
  3 rats (D:1)
52 creatures vanquished.

Vanquished Creatures (others)
  4 fungi (D:3)
4 creatures vanquished.

Grand Total: 56 creatures vanquished

Notes
Turn   | Place    | Note
-------+----------+-------------------------------------------
     0 | D:1      | Ayyar the Gnoll Warper began the quest for the Orb.
     0 | D:1      | Reached XP level 1. HP: 20/20 MP: 6/6
   185 | D:1      | Reached XP level 2. HP: 26/26 MP: 7/7
   560 | D:1      | Reached skill level 5 in Spellcasting
   560 | D:1      | Reached XP level 3. HP: 31/31 MP: 7/9
  1118 | D:2      | Reached skill level 1 in Invocations
  1251 | D:2      | Reached skill level 1 in Short Blades
  1251 | D:2      | Reached skill level 1 in Axes
  1251 | D:2      | Reached skill level 1 in Maces & Flails
  1251 | D:2      | Reached skill level 1 in Polearms
  1251 | D:2      | Reached skill level 1 in Staves
  1251 | D:2      | Reached skill level 1 in Ranged Weapons
  1251 | D:2      | Reached skill level 1 in Stealth
  1251 | D:2      | Reached skill level 1 in Shields
  1251 | D:2      | Reached skill level 1 in Unarmed Combat
  1251 | D:2      | Reached skill level 1 in Evocations
  1259 | D:2      | Reached XP level 4. HP: 19/38 MP: 11/11
  1279 | D:2      | Reached skill level 1 in Conjurations
  1279 | D:2      | Reached skill level 1 in Hexes
  1279 | D:2      | Reached skill level 1 in Summonings
  1279 | D:2      | Reached skill level 1 in Necromancy
  1279 | D:2      | Reached skill level 1 in Transmutations
  1279 | D:2      | Reached skill level 1 in Fire Magic
  1279 | D:2      | Reached skill level 1 in Ice Magic
  1279 | D:2      | Reached skill level 1 in Air Magic
  1279 | D:2      | Reached skill level 1 in Earth Magic
  1279 | D:2      | Reached skill level 1 in Poison Magic
  1726 | D:3      | Noticed an ice beast
  1738 | D:2      | Killed an ice beast
  1739 | D:2      | Reached XP level 5. HP: 43/43 MP: 12/12
  1786 | D:3      | Noticed Natasha
  1798 | D:3      | Killed Natasha
  1930 | D:3      | Reached XP level 6. HP: 43/50 MP: 13/13
  2018 | D:3      | Learned a level 3 spell: Teleport Other
  2088 | D:3      | Noticed Natasha
  2111 | D:3      | Killed Natasha
  2112 | D:3      | Reached skill level 5 in Fighting
  2112 | D:3      | Reached skill level 5 in Long Blades
  2112 | D:3      | Reached skill level 5 in Dodging
  2350 | D:3      | Found a runed translucent gate.
  2351 | D:3      | Found a runed translucent gate.
  2351 | D:3      | Found a runed translucent gate.
  2354 | D:3      | Noticed rundlesten's ghost (weakling HuCA)
  2406 | D:3      | Noticed Jessica
  2412 | D:3      | Killed Jessica
  2559 | D:3      | Noticed Natasha
  2572 | D:3      | Killed Natasha
  3251 | D:3      | Killed rundlesten's ghost
  3275 | D:3      | Reached XP level 7. HP: 50/56 MP: 15/15
  3407 | D:3      | Found a runed translucent door.
  3408 | D:3      | Noticed Crazy Yiuf
  3420 | D:3      | Killed Crazy Yiuf
  3592 | D:4      | Killed from afar by an orc priest

Illustrated notes

Levels and vault maps discovered:
D:1:      saegor_arrival_simple_e, layout_basic
D:2:      layout_rooms
D:3:      layout_basic, gammafunk_ghost_necromancy, uniq_crazy_yiuf_cottage,
          uniq_natasha, uniq_jessica
D:4:      layout_basic, minmay_misc_feat_ornament, minmay_misc_feat_rows,
          uniq_grinder, uniq_pikel

Skill      XL: |  1  2  3  4  5  6  7 |
---------------+----------------------+-----
Spellcasting   | 5 |  5.6
Invocations    | 1 2 |  2.6
Short Blades   | 1 2 |  2.4
Axes           | 1 2 |  2.4
Maces & Flails | 1 2 |  2.4
Polearms       | 1 2 |  2.4
Staves         | 1 2 |  2.4
Ranged Weapons | 1 2 |  2.4
Stealth        | 1 2 |  2.4
Shields        | 1 2 |  2.4
Unarmed Combat | 1 2 |  2.4
Evocations     | 1 2 |  2.4
Conjurations   | 1 2 |  2.0
Hexes          | 1 2 |  2.0
Summonings     | 1 2 |  2.0
Necromancy     | 1 2 |  2.0
Transmutations | 1 2 |  2.0
Fire Magic     | 1 2 |  2.0
Ice Magic      | 1 2 |  2.0
Air Magic      | 1 2 |  2.0
Earth Magic    | 1 2 |  2.0
Poison Magic   | 1 2 |  2.0
Throwing       | 3 |  3.5
Armour         | 3 |  3.5
Fighting       | 5 |  5.2
Long Blades    | 5 |  5.2
Dodging        | 5 |  5.2
Translocations | |  5.8

Action                     |  1- 3 |  4- 6 |  7- 9 || total
---------------------------+-------+-------+-------++-------
  Melee: Falchion          |    93 |   163 |    18 ||   274
         Bite              |     5 |    22 |       ||    27
         Punch             |     1 |       |       ||     1
    Use: Potion            |       |     1 |     1 ||     2
         Scroll            |       |       |     2 ||     2
 Armour: Leather armour    |     4 |       |       ||     4
         Chain mail        |    31 |    93 |       ||   124
         Skin              |       |       |     4 ||     4
  Dodge: Dodged            |    32 |    35 |     1 ||    68
  Block: Kite shield       |     5 |    76 |     3 ||    84
